 Dungeon Crawl Stone Soup version 0.19.5 (webtiles) character file.

206 Kalibur the Shooter (level 5, -2/35 HPs)
             Began as a High Elf Hunter on Mar 24, 2017.
             Was an Initiate of the Shining One.
             Slain by a gnoll
             ... wielding a +0 halberd
              (6 damage)
             ... on level 4 of the Dungeon on Apr 3, 2017.
             The game lasted 01:01:44 (5173 turns).

Kalibur the Shooter (High Elf Hunter)               Turns: 5173, Time: 01:01:45

Health: -2/35      AC: 16    Str:  9 (11) XL:     5   Next: 53%
Magic:  15/15      EV: -5    Int: 12 (15) God:    the Shining One [......]
Gold:   165        SH:  0    Dex: 14 (16) Spells: 1 memorised, 3 levels left

rFire  + . .     SeeInvis .     D - -3 flail (curse)
rCold  x . .     Gourm    .     t - +0 crystal plate armour
rNeg   . . .     Faith    .     (no shield)
rPois  .         Spirit   .     (no helmet)
rElec  .         Reflect  .     (no cloak)
rCorr  .         Harm     .     k - +0 pair of gloves
MR     .....                    (no boots)
Stlth  ..........               y - amulet of rage
                                v - ring of magical power
                                s - ring of fire

@: very slightly contaminated, hasted, glowing, very quick
A: no striking features
a: Renounce Religion, Evoke Berserk Rage


You were on level 4 of the Dungeon.
You worshipped the Shining One.
The Shining One was noncommittal.
You were not hungry.

You visited 1 branch of the dungeon, and saw 4 of its levels.

You collected 165 gold pieces.

Inventory:

Hand Weapons
 a - a +2 shortbow
 b - a +0 short sword
 i - a cursed -3 hand axe
 u - a +0 dagger
 z - a +0 short sword
 B - a +0 hunting sling
 D - a cursed -3 flail (weapon)
 F - a +3 mace of holy wrath
Missiles
 d - 27 arrows
 g - 4 stones (quivered)
 p - 5 needles of sleeping
 C - 2 exploding tomahawks
Armour
 c - a +0 leather armour
 j - a +0 leather armour
 k - a +0 pair of gloves (worn)
 m - a +0 chain mail
 t - a +0 crystal plate armour (worn)
Jewellery
 h - an uncursed amulet of harm {unknown}
 s - a ring of fire (left hand)
 v - a ring of magical power (right hand)
 y - an amulet of rage (around neck)
Wands
 e - a wand of paralysis (16/24)
Scrolls
 r - 2 scrolls of blinking
 x - 2 scrolls of identify
Books
 n - a book of Minor Magic

   Spells                             Type                      Level
   a - Magic Dart                     Conjuration                  1
   b - Blink                          Translocation                2
   c - Call Imp                       Summoning                    2
   d - Repel Missiles                 Charms/Air                   2
   e - Slow                           Hexes                        2
   f - Conjure Flame                  Conjuration/Fire             3
   g - Mephitic Cloud                 Conjuration/Poison/Air       3
Comestibles
 f - 2 bread rations
 o - a fruit


   Skills:
 + Level 2.6 Fighting
 + Level 2.2 Short Blades
 + Level 0.4 Maces & Flails
 + Level 7.1 Bows
 + Level 1.6 Armour
 + Level 2.6 Dodging
 + Level 1.6 Stealth


You had 3 spell levels left.
You knew the following spells:

 Your Spells              Type           Power        Failure   Level  Hunger
a - Magic Dart            Conj           #...         100%        1    ##.....


Dungeon Overview and Level Annotations

Branches:
Dungeon (4/15)
 Temple: D:4-7

Altars:
Cheibriados
Kikubaaqudgha
The Shining One


Message History

Press: ? - help, Shift-Dir - straight line, f/p - gnoll
Aim: a gnoll, wielding a halberd (severely wounded)
You throw a stone. The stone barely misses the gnoll. x2
Throwing (i - inventory. (,) - cycle):
g - 7 stones (quivered)
Press: ? - help, Shift-Dir - straight line, f/p - gnoll
Aim: a gnoll, wielding a halberd (severely wounded)
You throw a stone. The stone barely misses the gnoll.
The stone closely misses the gnoll.
Throwing (i - inventory. (,) - cycle):
g - 6 stones (quivered)
Press: ? - help, Shift-Dir - straight line, f/p - gnoll
Aim: a gnoll, wielding a halberd (severely wounded)
You throw a stone. The stone closely misses the gnoll. x2
Throwing (i - inventory. (,) - cycle):
g - 5 stones (quivered)
Press: ? - help, Shift-Dir - straight line, f/p - gnoll
Aim: a gnoll, wielding a halberd (heavily wounded)
You throw a stone.
The stone hits the gnoll but does no damage.
The gnoll is heavily wounded.
The gnoll hits you from afar with a halberd.
You die...

##..## ..
##..##
#..##.(###
#......(.##
##........###
#.###...g..##
#..
###..g..###
#..
###....<## #.
###@...# ..
##.....#
#._.....#
#.........
#######...
#o. ##


You could see 2 gnolls.

Vanquished Creatures
  An orc priest (D:3)
  6 adders
  An ooze (D:1)
  3 worms (D:2)
  2 dart slugs (D:1)
  A leopard gecko (D:3)
  13 orcs
  A giant cockroach (D:2)
  12 goblins
  8 hobgoblins
  7 jackals
  9 kobolds
  2 quokkas (D:2)
  11 bats
  6 frilled lizards
  9 rats
92 creatures vanquished.

Notes
Turn   | Place    | Note
-------+----------+-------------------------------------------
     0 | D:1      | Kalibur the High Elf Hunter began the quest for the Orb.
     0 | D:1      | Reached XP level 1. HP: 14/14 MP: 2/2
   120 | D:1      | Reached XP level 2. HP: 17/19 MP: 3/3
   200 | D:1      | Reached skill level 6 in Bows
   685 | D:1      | Reached XP level 3. HP: 24/24 MP: 4/4
   690 | D:1      | Reached skill level 1 in Short Blades
  1910 | D:2      | Reached XP level 4. HP: 29/29 MP: 5/5
  1998 | D:2      | Reached skill level 1 in Armour
  2271 | D:2      | Found an ancient bone altar of Kikubaaqudgha.
  2971 | D:3      | Found a glowing golden altar of the Shining One.
  2984 | D:3      | Became a worshipper of the Shining One
  3023 | D:3      | Reached skill level 7 in Bows
  3023 | D:3      | Reached XP level 5. HP: 35/35 MP: 6/6
  3182 | D:3      | Learned a level 1 spell: Magic Dart
  4536 | D:4      | Found a snail-covered altar of Cheibriados.
  5144 | D:4      | HP: 1/35 [gnoll/halberd (5)]
  5173 | D:4      | Slain by a gnoll

Skill      XL: |  1  2  3  4 |
---------------+-------------+-----
Bows           | 6 7 |  7.1
Short Blades   | 1 2 |  2.2
Armour         | 1 |  1.6
Fighting       | |  2.6
Maces & Flails | |  0.4
Dodging        | |  2.6
Stealth        | |  1.6

Action                   |  1- 3 |  4- 6 || total
-------------------------+-------+-------++-------
Melee: Short sword       |    84 |    52 ||   136
       Flail             |       |   244 ||   244
 Fire: Shortbow          |    81 |    43 ||   124
Throw: Stone             |       |    12 ||    12
 Cast: Magic Dart        |       |     3 ||     3
  Use: Scroll            |       |     9 ||     9
       Potion            |       |     6 ||     6
  Eat: Chunk             |     1 |     7 ||     8
       Pizza             |     1 |       ||     1
       Fruit             |       |     2 ||     2
       Beef jerky        |       |     1 ||     1
       Bread ration      |       |     1 ||     1
Armor: Leather armour    |    15 |     5 ||    20
       Chain mail        |    26 |    83 ||   109
       Crystal plate arm |       |   206 ||   206
Dodge: Dodged            |    48 |    67 ||   115
